Workbook

Sheet Balanço
A1: Entidade:
A2: Balanço em 31.12.N e 31.12.N-1
D4: Unidade monetária (€)
A5: RUBRICAS | B5: Notas | C5: Datas
C6: 31.12.N | D6: 31.12.N-1
A7: ACTIVO
A8: Activo não corrente
A9: Activos fixos tangíveis
A10: Bens do património histórico e cultural
A11: Propriedades de investimento
A12: Activos intangíveis
A13: Investimentos financeiros
A14: Fundadores/beneméritos/patrocinadores/doadores/associados/membros
C15: 0 | D15: 0
A16: Activo corrente
A17: Inventários
A18: Clientes
A19: Adiantamentos a fornecedores
A20: Estado e outros entes públicos
A21: Fundadores/beneméritos/patrocinadores/doadores/associados/membros
A22: Outras contas a receber
A23: Diferimentos
A24: Outros activos financeiros
A25: Caixa e depósitos bancários | C25: =SUM(C17:C24) -> 0 | D25: =SUM(D17:D24) -> 0
A27: Total do Activo | C27: =C25+C15 -> 0 | D27: =D15+D25 -> 0
A29: FUNDOS PATRIMONIAIS E PASSIVO
A30: Fundos Patrimoniais
A31: Fundos
A32: Execedentes técnicos
A33: Reservas
A34: Resultados transitados
A35: Execentes de Revalorização
A36: Outras variações nos fundos patrimoniais
C37: =SUM(C31:C36) -> 0 | D37: =SUM(D31:D36) -> 0
A38: Resultado líquido do período | C38: ='DR Naturezas'!C34 -> 0 | D38: ='DR Naturezas'!D34 -> 0
A40: Total do fundo de capital | C40: =C37+C38 -> 0 | D40: =D37+D38 -> 0
A42: Passivo
A43: Passivo não corrente
A44: Provisões
A45: Provisões específicas
A46: Financiamentos obtidos
A47: Outras contas a pagar
C48: =SUM(C44:C47) -> 0 | D48: =SUM(D44:D47) -> 0
A49: Passivo corrente
A50: Fornecedores
A51: Adiantamentos de clientes
A52: Estado e outros entes públicos
A53: Fundadores/beneméritos/patrocinadores/doadores/associados/membros
A54: Financiamentos obtidos
A55: Diferimentos
A56: Outras contas a pagar
A57: Outros passivos financeiros
C58: =SUM(C50:C57) -> 0 | D58: =SUM(D50:D57) -> 0
A59: Total do Passivo | C59: =C58+C48 -> 0 | D59: =D58+D48 -> 0
A60: Total do Capital Próprio e do Passivo | C60: =C59+C40 -> 0 | D60: =D59+D40 -> 0
A62: A Direcção | B62: O Técnico Oficial de Contas
A65: Controlo | C65: =IF(C60=C27,"OK","Balanço Errado Ano N") -> OK | D65: =IF(D60=D27,"OK","Balanço Errado Ano N-1") -> OK

Sheet DR Naturezas
A1: =Balanço!A1 -> Entidade:
A2: Demonstração dos resultados por naturezas do período findo em 31.12.N e 31.12.N-1
D4: Unidade monetária (€)
A5: RENDIMENTOS E GASTOS | B5: NOTAS | C5: Períodos
C6: N | D6: N-1
A8: Vendas e serviços prestados
A9: Subsídios, doações e legados à exploração
A10: Variação nos inventários da produção
A11: Trabalhos para a própria entidade
A12: Custo das mercadorias vendidas e matérias consumidas
A13: Fornecimentos e serviços externos
A14: Gastos com pessoal
A15: Ajustamento de inventários (perdas/reversões)
A16: Imparidades de dívidas a receber (perdas/reversões)
A17: Provisões específicas (aumentos/reduções)
A18: Outras imparidades (perdas/reversões)
A19: Aumentos/Reduções de justo valor
... A21: Outros gastos e perdas
A22: Resultado antes de depreciações, gastos de financiamento e impostos | C22: =SUM(C8:C21) -> 0 | D22: =SUM(D8:D21) -> 0
A24: Gastos/reversões de depreciação e de amortização
A26: Resultado operacional (antes de gastos de financiamento e impostos) | C26: =C24+C22 -> 0 | D26: =D24+D22 -> 0
A28: Juros e rendimentos similares obtidos
A29: Juros e gastos similares suportados
A30: Resultado antes de impostos | C30: =C28+C29+C26 -> 0 | D30: =D28+D29+D26 -> 0
A32: Imposto sobre rendimento do período
A34: Resultado liquido do período | C34: =C32+C30 -> 0 | D34: =D32+D30 -> 0
A36: A Direcção | B36: O Técnico Oficial de Contas

Sheet DR Funções
A1: =Balanço!A1 -> Entidade:
A2: Demonstração dos resultados por funções do período findo em 31.12.N e 31.12.N-1
G4: Unidade monetária (1)
A5: RUBRICAS | B5: NOTAS | C5: Actividade A | D5: Actividade B | E5: …. | F5: Períodos
F6: N | G6: N-1
A8: Vendas e serviços prestados
A9: Custo das vendas e dos serviços prestados
A11: Resultado bruto | C11: =SUM(C8:C9) -> 0 | D11: =SUM(D8:D9) -> 0 | E11: =SUM(E8:E9) -> 0 | F11: =SUM(F8:F9) -> 0 | G11: =SUM(G8:G9) -> 0
A13: Outros rendimentos
A14: Gastos de distribuição
A15: Gastos administrativos
A16: Gastos de investigação e desenvolvimento
A17: Outros gastos
A19: Resultado operacional (antes de gastos de financiamento e impostos) | C19: =SUM(C13:C17)+C11 -> 0 | D19: =SUM(D13:D17)+D11 -> 0 | E19: =SUM(E13:E17)+E11 -> 0 | F19: =SUM(F13:F17)+F11 -> 0 | G19: =SUM(G13:G17)+G11 -> 0
A21: Gastos de financiamento (líquidos)
A23: Resultados antes de impostos | C23: =C21+C19 -> 0 | D23: =D19+D21 -> 0 | E23: =E21+E19 -> 0 | F23: =F19+F21 -> 0 | G23: =G21+G19 -> 0
A25: Imposto sobre o rendimento do período
A27: Resultado líquido do período | C27: =C25+C23 -> 0 | D27: =D25+D23 -> 0 | E27: =E25+E23 -> 0 | F27: =F25+F23 -> 0 | G27: =G25+G23 -> 0

Sheet Alteração Fundos Patrimoniais
A1: =Balanço!A1 -> Entidade:
A2: Demonstração (individual ou consolidada) das alterações nos fundos patrimonais do período N-1
N4: Unidade monetária (€)
A5: DESCRIÇÃO | C5: NOTAS | D5: Fundos patrimoniais atribuído aos instituidores da etidade-mãe | M5: Interesses minoritários | N5: Total dos Fundos Patrimoniais
D6: Fundos | E6: Excedentes Técnicos | F6: Reservas | G6: Resultados Transitados | H6: Ajustamentos em Activos Financeiros | I6: Excedentes de Revalorização | J6: Outras Variações nos Fundos Patrimoniais | K6: Resultado Líquido do Período | L6: Total
A7: POSIÇÃO NO INÍCIO DO PERÍODO N-1 | B7: 1 | L7: =SUM(D7:K7) -> 0 | N7: =L7+M7 -> 0
A8: ALTERAÇÕES NO PERÍODO
A9: Primeira adopção de novo referencial contabilístico | L9: =SUM(D9:K9) -> 0 | N9: =L9+M9 -> 0
A10: Alterações de políticas contabilísticas | L10: =SUM(D10:K10) -> 0 | N10: =L10+M10 -> 0
A11: Diferenças de conversão de demonstrações financeiras | L11: =SUM(D11:K11) -> 0 | N11: =L11+M11 -> 0
A12: Realização do excedente de revalorização de activos fixos tangíveis e intangíveis | L12: =SUM(D12:K12) -> 0 | N12: =L12+M12 -> 0
A13: Excedentes de revalorização de activos fixos tangíveis e intangíveis e respectivas variações | L13: =SUM(D13:K13) -> 0 | N13: =L13+M13 -> 0
A14: Ajustamentos por impostos diferidos | L14: =SUM(D14:K14) -> 0 | N14: =L14+M14 -> 0
A15: Outras alterações reconhecidas nos fundos patrimoniais | L15: =SUM(D15:K15) -> 0 | N15: =L15+M15 -> 0
B16: 2 | D16: =SUM(D9:D15) -> 0 | E16: =SUM(E9:E15) -> 0 | F16: =SUM(F9:F15) -> 0 | G16: =SUM(G9:G15) -> 0 | H16: =SUM(H9:H15) -> 0 | I16: =SUM(I9:I15) -> 0 | J16: =SUM(J9:J15) -> 0 | K16: =SUM(K9:K15) -> 0 | ... N16: =SUM(N9:N15) -> 0
A17: RESULTADO LÍQUIDO DO PERÍODO | B17: 3 | N17: 0
A18: RESULTADO EXTENSIVO | B18: 4=2+3 | M18: 0 | N18: 0
A19: OPERAÇÕES COM INSTITUIDORES NO PERÍODO
A20: Realizações de capital | N20: 0
A21: Realizações de prémios de emissão | N21: 0
A22: Distribuições | N22: 0
A23: Entradas para cobertura de perdas | N23: 0
A24: Outras operações | N24: 0
B25: 5 | D25: =SUM(D20:D24) -> 0 | E25: =SUM(E20:E24) -> 0 | F25: =SUM(F20:F24) -> 0 | G25: =SUM(G20:G24) -> 0 | H25: =SUM(H20:H24) -> 0 | I25: =SUM(I20:I24) -> 0 | J25: =SUM(J20:J24) -> 0 | K25: =SUM(K20:K24) -> 0 | ... N25: =SUM(N20:N24) -> 0
A26: POSIÇÃO NO FIM DO PERÍODO N-1 | B26: 6=1+2+3+5 | D26: =D7+D16+D17+D25 -> 0 | E26: =E7+E16+E17+E25 -> 0 | F26: =F7+F16+F17+F25 -> 0 | G26: =G7+G16+G17+G25 -> 0 | H26: =H7+H16+H17+H25 -> 0 | I26: =I7+I16+I17+I25 -> 0 | J26: =J7+J16+J17+J25 -> 0 | K26: =K7+K16+K17+K25 -> 0 | ... N26: =N7+N16+N17+N25 -> 0
A28: A Direcção | H28: O Técnico Oficial de Contas
A29: =Balanço!A1 -> Entidade:
A30: Demonstração (individual ou consolidada) das alterações aos fundos patrimoniais no período N
N32: Unidade monetária (€)
A33: DESCRIÇÃO | C33: NOTAS | D33: Fundos patrimoniais atribuído aos instituidores da etidade-mãe | M33: Interesses minoritários | N33: Total dos Fundos Patrimoniais
D34: Fundos | E34: Excedentes Técnicos | F34: Reservas | G34: Resultados Transitados | H34: Ajustamentos em Activos Financeiros | I34: Excedentes de Revalorização | J34: Outras Variações nos Fundos Patrimoniais | K34: Resultado Líquido do Período | L34: Total
A35: POSIÇÃO NO INÍCIO DO PERÍODO N | B35: 6 | D35: 0 | E35: 0 | F35: 0 | G35: 0 | H35: 0 | I35: 0 | J35: 0 | K35: 0 | L35: =SUM(D35:K35) -> 0 | M35: 0 | N35: =L35+M35 -> 0
A36: ALTERAÇÕES NO PERÍODO
A37: Primeira adopção de novo referencial contabilístico | N37: 0
A38: Alterações de políticas contabilísticas | N38: 0
A39: Diferenças de conversão de demonstrações financeiras | N39: 0
A40: Realização do excedente de revalorização de activos fixos tangíveis e intangíveis | N40: 0
A41: Excedentes de revalorização de activos fixos tangíveis e intangíveis e respectivas variações | N41: 0
A42: Ajustamentos por impostos diferidos | N42: 0
A43: Outras alterações reconhecidas nos fundos patrimoniais | N43: 0
B44: 7 | D44: =SUM(D37:D43) -> 0 | E44: =SUM(E37:E43) -> 0 | F44: =SUM(F37:F43) -> 0 | G44: =SUM(G37:G43) -> 0 | H44: =SUM(H37:H43) -> 0 | I44: =SUM(I37:I43) -> 0 | J44: =SUM(J37:J43) -> 0 | K44: =SUM(K37:K43) -> 0 | ... N44: =SUM(N37:N43) -> 0
A45: RESULTADO LÍQUIDO DO PERÍODO | B45: 8 | N45: 0
A46: RESULTADO EXTENSIVO | B46: 9=7+8 | M46: 0 | N46: 0
A47: OPERAÇÕES COM INSTITUIDORES NO PERÍODO
A48: Realizações de capital | N48: 0
A49: Realizações de prémios de emissão | N49: 0
A50: Distribuições | N50: 0
A51: Entradas para cobertura de perdas | N51: 0
A52: Outras operações | N52: 0
B53: 10 | D53: =SUM(D48:D52) -> 0 | E53: =SUM(E48:E52) -> 0 | F53: =SUM(F48:F52) -> 0 | G53: =SUM(G48:G52) -> 0 | H53: =SUM(H48:H52) -> 0 | I53: =SUM(I48:I52) -> 0 | J53: =SUM(J48:J52) -> 0 | K53: =SUM(K48:K52) -> 0 | ... N53: =SUM(N48:N52) -> 0
A54: POSIÇÃO NO FIM DO PERÍODO N | B54: 11=6+7+8+10 | D54: =D35+D44+D45+D53 -> 0 | E54: =E35+E44+E45+E53 -> 0 | F54: =F35+F44+F45+F53 -> 0 | G54: =G35+G44+G45+G53 -> 0 | H54: =H35+H44+H45+H53 -> 0 | I54: =I35+I44+I45+I53 -> 0 | J54: =J35+J44+J45+J53 -> 0 | K54: =K35+K44+K45+K53 -> 0 | ... N54: =N35+N44+N45+N53 -> 0
A56: A Direcção | H56: O Técnico Oficial de Contas

Sheet DFCaixa
A1: =Balanço!A1 -> Entidade:
A2: Demonstração (individual ou consolidada) de fluxos de caixa do período findo em 31.12.N e 31.12.N-1
E4: Unidade monetária (€)
A5: RUBRICAS | C5: NOTAS | D5: Períodos
D6: N | E6: N-1
A7: Fluxos de caixa das actividades operacionais - método directo
A9: Recebimentos de clientes e utentes
A10: Pagamentos de subsídios
A11: Pagamentos de apoios
A12: Pagamentos de bolsas
A13: Pagamentos a fornecedores
A14: Pagamentos ao pessoal
A15: Caixa gerada pelas operações | D15: =D9-D10-D11-D12-D13-D14 -> 0 | E15: =E9-E10-E11-E12-E13-E14 -> 0
A17: Pagamento/recebimento do imposto sobre o rendimento
A18: Outros recebimentos/pagamentos
A20: Fluxos de caixa das actividades operacionais | B20: (1) | D20: =D15+D17+D18 -> 0 | E20: =E15+E17+E18 -> 0
A22: Fluxos de caixa das actividades de investimento
A24: Pagamentos respeitantes a:
A25: Activos fixos tangíveis
A26: Activos intangíveis
A27: Investimentos financeiros
A28: Outros activos
A29: Recebimentos provenientes de:
A30: Activos fixos tangíveis
A31: Activos intangíveis
A32: Investimentos financeiros
A33: Outros activos
A34: Subsídios ao investimento
... A36: Dividendos
A38: Fluxos de caixa das actividades de investimento | B38: (2) | D38: =D30+D31+D32+D33+D34+D35+D36-D25-D26-D27-D28 -> 0 | E38: =E30+E31+E32+E33+E34+E35+E36-E25-E26-E27-E28 -> 0
A40: Fluxos de caixa das actividades de financiamento
A41: Recebimentos provenientes de:
A42: Financiamentos obtidos
A43: Realizações de fundos
A44: Cobertura de prejuízos
A45: Doações
A46: Outras operações de Financiamento
A47: Pagamentos respeitantes a:
A48: Financiamentos obtidos
A49: Juros e gastos similares
A50: Dividendos
A51: Reduções de fundos
A52: Outras operações de financiamento
A54: Fluxos de caixa das actividades de financiamento | B54: (3) | D54: =D42+D43+D44+D45+D46-D48-D49-D50-D51-D52 -> 0 | E54: =E42+E43+E44+E45+E46-E48-E49-E50-E51-E52 -> 0
A56: Variação de caixa e seus equivalentes | B56: (1)+(2)+(3) | D56: =D20+D38+D54 -> 0 | E56: =E20+E38+E54 -> 0
A58: Efeito das diferenças de câmbio
A59: Caixa e seus equivalentes no início do período
A60: Caixa e seus equivalentes no fim do período
A62: A Direcção | C62: O Técnico Oficial de Contas
